 Dungeon Crawl Stone Soup version 0.30-a0-414-gcb316572d5 (webtiles) character file.

Game seed: 5700366972971046492

14 sleeves the Insei (level 2, 21/21 HPs)
             Began as a Demonspawn Transmuter on Dec 8, 2022.
             Quit the game on level 1 of the Dungeon.
             The game lasted 00:00:41 (891 turns).

sleeves the Insei (Demonspawn Transmuter)            Turns: 891, Time: 00:00:42

Health: 21/21      AC:  2    Str: 10    XL:     2   Next: 27%
Magic:  5/5        EV: 12    Int: 14    God:
Gold:   80         SH:  0    Dex: 13    Spells: 4/5 levels left

rFire   . . .      SeeInvis .      - Unarmed
rCold   . . .      Faith    .    (no shield)
rNeg    . . .      Spirit   .    a - +0 robe
rPois   .          Reflect  .    (helmet restricted)
rElec   .          Harm     .    (no cloak)
rCorr   .          Rampage  .    (no gloves)
Will    .....                    (no boots)
Stlth   +.........               (no amulet)
HPRegen 0.23/turn                (no ring)
MPRegen 0.09/turn                (no ring)

@: no status effects
A: antennae 1
a: no special abilities


You were on level 1 of the Dungeon.
You visited 1 branch of the dungeon, and saw 1 of its levels.

You collected 80 gold pieces.

Inventory:

Armour
 a - a +0 robe (worn)
Scrolls
 c - a scroll of immolation {unknown}
 e - a scroll of vulnerability {unknown}
 f - a scroll of noise {unknown}
Potions
 b - a potion of lignification
 d - a potion of flight {unknown}
 g - a potion of curing {unknown}


   Skills:
 - Level 1.0 Fighting
 - Level 1.7 Dodging
 + Level 3.4 Unarmed Combat
 - Level 2.0 Spellcasting
 - Level 1.7 Transmutations


You had 4 spell levels left.
You knew the following spells:

 Your Spells              Type           Power      Damage    Failure   Level
a - Beastly Appendage     Tmut           12%        N/A       12%         1

Your spell library contained the following spells:

 Spells                   Type           Power      Damage    Failure   Level
 Wereblood                Tmut           6%         N/A       17%         2
 Spider Form              Tmut/Pois      3%         N/A       45%         3
 Ice Form                 Ice/Tmut       3%         N/A       86%         4


Dungeon Overview and Level Annotations

Branches:
Dungeon (1/15)

Altars:


Innate Abilities, Weirdness & Mutations

You have a pair of small antennae on your head.


Message History

Welcome, sleeves the Demonspawn Transmuter.
The Orb of Zot is coveted for many reasons.
Will you seize it for your own?
Press ? for a list of commands and other information.
Found an escape hatch in the floor.
Found a staircase leading out of the dungeon.
As you open the door, it creaks loudly!
A bat comes into view.
You hear a shout!
A bat is nearby!
A bat is nearby!
A bat is nearby!
Found a stone.
A hobgoblin comes into view.
The bat closely misses you.
There is an open door here.
You miss the bat. The bat closely misses you. The bat closely misses you.
You hit the bat.
The bat is moderately wounded.
The bat barely misses you.
A bat comes into view.
The bat misses you.
You hit the bat.
The bat is heavily wounded.
The bat misses you.
You hit the bat.
The bat is severely wounded.
The bat hits you. The bat hits you but does no damage.
A ball python comes into view.
The ball python hisses angrily.
You hit the bat.
You kill the bat!
The bat hits you but does no damage. The bat misses you.
The bat closely misses you.
You closely miss the hobgoblin. The hobgoblin hits you.
There are monsters nearby!
You grow a pair of large bovine horns.
Your feet morph into talons.
The bat misses you. The hobgoblin misses you.
You barely miss the hobgoblin. You claw the hobgoblin.
The hobgoblin is moderately wounded.
The bat closely misses you. The hobgoblin barely misses you.
You hit the hobgoblin.
You kill the hobgoblin!
The bat closely misses you. The bat completely misses you.
You hit the ball python.
You kill the ball python!
The bat hits you but does no damage.
You barely miss the bat. You claw the bat. Your headbutt misses the bat.
The bat is severely wounded.
The bat hits you but does no damage.
You hit the bat.
You kill the bat!
Your Unarmed Combat skill increases to level 3!
HP restored.
Your transformation is almost over.
Magic restored.
Your horns disappear.
Your talons disappear.
Found a leather armour.
A rat comes into view.
A rat is nearby!
You grow a pair of large bovine horns.
Your feet morph into talons.
You barely miss the rat. You headbutt the rat.
You kill the rat!
No target in view!
No target in view!
No target in view!
No target in view!
No target in view!
No target in view!
Your transformation is almost over.
Your horns disappear.
Your talons disappear.
A rat comes into view.
You see here a scroll labelled LIDWAI VESYKK.
A rat is nearby!
A rat is nearby!
A rat is nearby!
Found a bubbling sapphire potion.
You grow a pair of large bovine horns.
Your feet morph into talons.
You hit the rat but do no damage. Your kick misses the rat. The rat bites you.
You closely miss the rat. Your punch misses the rat. The rat barely misses you.
You barely miss the rat. You claw the rat.
The rat is moderately wounded.
The rat bites you but does no damage.
You hit the rat.
You kill the rat!
Your transformation is almost over.
No target in view!
No target in view!
Your horns disappear.
Your talons disappear.
c - a scroll labelled LIDWAI VESYKK You see here a rat corpse.
d - a bubbling sapphire potion A rat comes into view.
The rat misses you.
A rat is nearby!
You grow a pair of large bovine horns.
Your feet morph into talons.
The rat bites you.
You completely miss the rat. You claw the rat.
You kill the rat!
No target in view!
No target in view!
No target in view!
No target in view!
Your transformation is almost over.
You now have 12 gold pieces.
Your horns disappear.
Your talons disappear.
Found a stone staircase leading down.
A frilled lizard comes into view.
A frilled lizard is nearby!
A frilled lizard is nearby!
You grow a pair of large bovine horns.
Your feet morph into talons.
The frilled lizard misses you.
You hit the frilled lizard.
You kill the frilled lizard!
No target in view!
No target in view!
No target in view!
No target in view!
Your transformation is almost over.
You see here a frilled lizard corpse.
Your horns disappear.
Your talons disappear.
Found 5 stones.
You see here 5 stones.
You now have 20 gold pieces (gained 8).
A bat comes into view.
A bat is nearby!
The bat barely misses you.
You grow a pair of large bovine horns.
Your feet morph into talons.
The bat misses you.
Found a stone staircase leading down.
The bat barely misses you.
You closely miss the bat. Your kick misses the bat.
The bat hits you but does no damage. The bat closely misses you.
You hit the bat.
You kill the bat!
Your transformation is almost over.
No target in view!
No target in view!
No target in view!
No target in view!
No target in view!
No target in view!
No target in view!
No target in view!
No target in view!
Your horns disappear.
Your talons disappear.
There is a stone staircase leading down here.
Found a robe.
You see here a +0 robe.
e - a scroll labelled CUEBRO ZILUYS You now have 28 gold pieces (gained 8).
You see here a +0 robe.
You now have 34 gold pieces (gained 6).
Found a ring mail.
Found a leather armour.
A rat comes into view.
A rat is nearby!
A rat is nearby!
You grow a pair of large bovine horns.
Your feet morph into talons.
Your transformation is almost over.
A rat comes into view.
The rat barely misses you.
You barely miss the rat. Your kick misses the rat. The rat misses you.
You hit the rat.
You kill the rat!
You have reached level 2!
You feel monstrous as your demonic heritage exerts itself.
Your demonic ancestry asserts itself...
The horns on your head shrink a bit. The horns on your head shrink away.
A pair of antennae grows on your head! The rat bites you but does no damage.
You hit the rat. You claw the rat.
You kill the rat!
No target in view!
No target in view!
No target in view!
No target in view!
No target in view!
No target in view!
Your talons disappear.
You now have 48 gold pieces (gained 14).
Found a ring mail.
Found a stone staircase leading down.
A quokka comes into view.
An endoplasm comes into view.
Found 17 gold pieces.
A rat comes into view.
The quokka bites you.
You closely miss the quokka. The quokka barely misses you.
You barely miss the quokka. The quokka completely misses you.
You hit the quokka but do no damage. The quokka bites you.
You closely miss the quokka. The quokka barely misses you.
The quokka bites you.
Your feet morph into talons.
The rat bites you. The quokka bites you.
You punch the quokka!
You kill the quokka!
The rat bites you. The endoplasm freezes you.
You are frozen.
Unknown command.
You barely miss the endoplasm. Your punch misses the endoplasm.
The rat closely misses you. The endoplasm closely misses you.
You hit the endoplasm. Your kick misses the endoplasm.
The endoplasm is heavily wounded.
The rat misses you. The endoplasm closely misses you.
You hit the endoplasm but do no damage. You claw the endoplasm.
The endoplasm is almost dead.
The rat bites you.
* * * LOW HITPOINT WARNING * * *
The endoplasm hits you but does no damage.
You hit the endoplasm but do no damage.
The endoplasm is almost dead.
The rat bites you.
* * * LOW HITPOINT WARNING * * *
The endoplasm barely misses you.
You hit the endoplasm but do no damage.
The endoplasm is almost dead.
The rat bites you but does no damage. The endoplasm freezes you.
You are frozen.
* * * LOW HITPOINT WARNING * * *
You hit the endoplasm.
You kill the endoplasm!
Your transformation is almost over.
The rat bites you but does no damage.
You closely miss the rat. Your kick misses the rat.
The rat completely misses you.
You hit the rat.
You kill the rat!
Your talons disappear.
You see here a quokka corpse.
You now have 65 gold pieces (gained 17).
There is a stone staircase leading down here.
f - a scroll labelled PIKLETEOMUE You now have 73 gold pieces (gained 8).
You see here a +1 vorpal mace.
A goblin comes into view. It is wielding a +0 dagger.
A goblin is nearby!
A goblin is nearby!
The goblin shouts!
The goblin hits you but does no damage.
You barely miss the goblin. You hit the goblin.
You kill the goblin!
No target in view!
No target in view!
No target in view!
No target in view!
No target in view!
No target in view!
No target in view!
You see here a +0 dagger.
There is a stone staircase leading down here.
You open the door.
Found an escape hatch in the floor.
There is an open door here.
You open the door.
Found an escape hatch in the floor.
There is an open door here.
g - an amethyst potion No target in view!
No target in view!
No target in view!
No target in view!
No target in view!
No target in view!
No target in view!
No target in view!
There is an open door here.
A rat comes into view.
A rat is nearby!
A rat is nearby!
Found a sling.
You barely miss the rat. The rat misses you.
You closely miss the rat. The rat misses you.
You closely miss the rat. The rat bites you.
You hit the rat.
The rat is heavily wounded.
The rat bites you but does no damage.
You hit the rat.
You kill the rat!
No target in view!
No target in view!
No target in view!
No target in view!
You now have 80 gold pieces (gained 7).
Done exploring.
Done exploring.
Done exploring.
No target in view!
No target in view!
No target in view!
No target in view!
No target in view!
No target in view!
No target in view!
No target in view!
No target in view!
No target in view!
Done exploring.
Done exploring.
Done exploring.
Are you sure you want to abandon this character and quit the game? (Confirm with "yes".)

####### ########### #.....#
#.........#
#.....########.........######
................>...........#
#.....########.........####.#
#.............##.####### #.#
.......................# #.#
#......................# #.#
#...............@......# #.#
.........###...#.####### #.#
#....##### #...#.# #.# #....#
#####.# #.# #....# #.# #.#
.....# ######.# #.# .....#
#......# #.#
.....######...[..# #.#
......#..........# #.#


There were no monsters in sight!

Vanquished Creatures
  3 bats (D:1)
  An endoplasm (D:1)
  A hobgoblin (D:1)
  A quokka (D:1)
  A ball python (D:1)
  A frilled lizard (D:1)
  A goblin (D:1)
  7 rats (D:1)
16 creatures vanquished.

Notes
Turn   | Place    | Note
-------+----------+-------------------------------------------
     0 | D:1      | sleeves the Demonspawn Transmuter began the quest for the
                  | Orb.
     0 | D:1      | Reached XP level 1. HP: 15/15 MP: 3/3
    18 | D:1      | Reached skill level 3 in Unarmed Combat
   379 | D:1      | Discovered your monstrous ancestry.
   379 | D:1      | Lost mutation: You have a pair of horns on your head.
                  | [demonic ancestry]
   379 | D:1      | Lost mutation: You have a pair of small horns on your head.
                  | [demonic ancestry]
   379 | D:1      | Gained mutation: You have a pair of small antennae on your
                  | head. [demonic ancestry]
   379 | D:1      | Reached XP level 2. HP: 21/21 MP: 3/5
   433 | D:1      | HP: 9/21 [rat (2)]
   435 | D:1      | HP: 4/21 [frozen (5)]
   891 | D:1      | Quit the game

Illustrated notes

Levels and vault maps discovered:
D:1:      minmay_arrival_shoal_huts, layout_basic

Skill      XL: |  1 |
---------------+----+-----
Unarmed Combat | 3 |  3.4
Fighting       | |  1.0
Dodging        | |  1.7
Spellcasting   | |  2.0
Transmutations | |  1.7

Action                   || total
-------------------------++-------
Melee: Unarmed           ||    43
       Kick              ||     6
       Headbutt          ||     1
 Cast: Beastly Appendage ||     8
Armor: Robe              ||    12
Dodge: Dodged            ||    34

Table legend: (Time is in decaauts)
 A = Elapsed time spent in this place.
 B = Non-inter-level travel time spent in this place.
 C = Inter-level travel time spent in this place.
 D = Time resting spent in this place.
 E = Time spent auto-exploring this place.
 F = Levels seen in this place.
 G = Mean time per level.
                   A        B        C        D        E       F      G
               +--------+--------+--------+--------+--------+-----+--------+
         Total |    888 |    888 |      0 |      0 |    790 |   1 |  888.0 |
       Dungeon |    888 |    888 |      0 |      0 |    790 |   1 |  888.0 |
               +--------+--------+--------+--------+--------+-----+--------+

Top non-repeatable levels by time:
     D:1: 888 daAuts
